RES
MOSMAN CUBS @ LEICHHARDT LIONS
07/07/2022
 
TOP OF THE 1ST
Mosman Cubs batting - Pitching for Leichhardt Lions : RHP Frank Kalti
Pitching: RHP Frank Kalti
Batting: RHB Zachery Gilleland 0-0: Swinging Strike
0-1: SINGLE (Groundball, 56S, EV 71.3 MPH) (infield hit)
Batting: RHB Steve Walmsley 0-0: Ball
Zachery Gilleland steals 2nd base
1-0: Fly out, F9 (Line Drive, 9S, EV 88.1 MPH)
Batting: LHB Shayne Akehurst 0-0: Ground out 6-3 (Groundball, 6, EV 100.0 MPH)
Zachery Gilleland to third
Batting: LHB River Holdsworth 0-0: Ball
1-0: Fly out, F9 (Flyball, 9D, EV 100.6 MPH)
Top of the 1st over - 0 runs, 1 hit, 0 errors, 1 left on base; Mosman 0 - Leichhardt 0
BOTTOM OF THE 1ST
Leichhardt Lions batting - Pitching for Mosman Cubs : RHP Roley Hutchesson
Pitching: RHP Roley Hutchesson
Batting: LHB Danny Martin 0-0: Ball
1-0: Called Strike
1-1: Called Strike
1-2: SOLO HOME RUN (Flyball, 9D, EV 93.1 MPH), Distance : 361 ft
Batting: RHB David Halse 0-0: Foul Ball, location: 25F
0-1: Ball
1-1: Called Strike
1-2: Fly out, F7 (Flyball, 7LD, EV 109.4 MPH)
Batting: LHB Frank Sheard 0-0: Swinging Strike
0-1: Ball
1-1: Ground out 1-3 (Groundball, 13S, EV 70.6 MPH)
Batting: LHB Davin Gilder 0-0: Ball
1-0: Swinging Strike
1-1: Swinging Strike
1-2: Ball
2-2: Ball
3-2: Base on Balls
Batting: LHB Keegan Goldthorpe 0-0: Ball
1-0: Hit by Pitch
Davin Gilder to second
Batting: SHB Jason Coaker 0-0: Foul Ball, location: 9LMF
0-1: Foul Ball, location: 9LMF
0-2: Ball
1-2: Strikes out swinging
Bottom of the 1st over - 1 run, 1 hit, 0 errors, 2 left on base; Mosman 0 - Leichhardt 1
TOP OF THE 2ND
Mosman Cubs batting - Pitching for Leichhardt Lions : RHP Frank Kalti
Batting: LHB Zayne Caples 0-0: Fly out, F7 (Flyball, 78M, EV 98.8 MPH)
Batting: RHB Sam Beamish 0-0: Called Strike
0-1: Called Strike
0-2: Strikes out swinging
Batting: RHB Tony Higman 0-0: Called Strike
0-1: Ball
1-1: DOUBLE (Line Drive, 7LM, EV 101.3 MPH)
Batting: LHB Coop Ross 0-0: Called Strike
0-1: Foul Ball, location: 9LSF
0-2: Ball
Wild Pitch!
Tony Higman to third
1-2: 2-RUN HOME RUN (Flyball, 89XD, EV 97.5 MPH), Distance : 396 ft
Batting: RHB Brennen Geyer 0-0: Swinging Strike
0-1: Called Strike
0-2: Ball
1-2: Foul Ball, location: 2F
1-2: Ground out 6-3 (Groundball, 6, EV 84.4 MPH)
Top of the 2nd over - 2 runs, 2 hits, 0 errors, 0 left on base; Mosman 2 - Leichhardt 1
BOTTOM OF THE 2ND
Leichhardt Lions batting - Pitching for Mosman Cubs : RHP Roley Hutchesson
Batting: LHB Joba Clifton 0-0: Ball
1-0: Called Strike
1-1: Ball
2-1: Foul Ball, location: 2F
2-2: Ball
3-2: SINGLE (Line Drive, 6M, EV 96.3 MPH)
Batting: RHB Kel Hackworth 0-0: Ball
1-0: Ball
2-0: Ball
3-0: Called Strike
3-1: Swinging Strike
3-2: Grounds into double play, 5-4-3 (Groundball, 5, EV 94.4 MPH)
Batting: RHB Abe Tofield 0-0: Ground out 5-3 (Groundball, 56, EV 88.8 MPH)
Bottom of the 2nd over - 0 runs, 1 hit, 0 errors, 0 left on base; Mosman 2 - Leichhardt 1
TOP OF THE 3RD
Mosman Cubs batting - Pitching for Leichhardt Lions : RHP Frank Kalti
Batting: RHB Zachery Gilleland 0-0: Ball
1-0: Ground out 6-3 (Groundball, 6, EV 88.1 MPH)
Batting: RHB Steve Walmsley 0-0: Called Strike
0-1: Ball
1-1: Ball
2-1: Swinging Strike
2-2: Ground out 5-3 (Groundball, 56, EV 87.5 MPH)
Batting: LHB Shayne Akehurst 0-0: Ground out 5-3 (Groundball, 5, EV 102.5 MPH)
Top of the 3rd over - 0 runs, 0 hits, 0 errors, 0 left on base; Mosman 2 - Leichhardt 1
BOTTOM OF THE 3RD
Leichhardt Lions batting - Pitching for Mosman Cubs : RHP Roley Hutchesson
Batting: LHB Danny Martin 0-0: Called Strike
0-1: Foul Ball, location: 2RF
0-2: Fly out, F7 (Flyball, 78D, EV 95.0 MPH)
Batting: RHB David Halse 0-0: Called Strike
0-1: Ball
1-1: Swinging Strike
1-2: Ball
2-2: Strikes out looking
Batting: LHB Frank Sheard 0-0: SINGLE (Groundball, 34D, EV 94.4 MPH)
Batting: LHB Davin Gilder 0-0: Swinging Strike
0-1: Ball
1-1: Foul Ball, location: 23F
1-2: Foul Ball, location: 5SF
1-2: Ball
2-2: Ball
3-2: Base on Balls
Frank Sheard to second
Batting: LHB Keegan Goldthorpe 0-0: Ball
1-0: Called Strike
1-1: Foul Ball, location: 9LMF
1-2: Foul Ball, location: 5FF
1-2: Ball
2-2: Strikes out swinging
Bottom of the 3rd over - 0 runs, 1 hit, 0 errors, 2 left on base; Mosman 2 - Leichhardt 1
TOP OF THE 4TH
Mosman Cubs batting - Pitching for Leichhardt Lions : RHP Frank Kalti
Batting: LHB River Holdsworth 0-0: Swinging Strike
0-1: Foul Ball, location: 3F
0-2: SOLO HOME RUN (Flyball, 78XD, EV 111.3 MPH), Distance : 423 ft
Batting: LHB Zayne Caples 0-0: Called Strike
0-1: Fly out, F8 (Flyball, 78D, EV 88.1 MPH)
Batting: RHB Sam Beamish 0-0: Fly out, F7 (Flyball, 7S, EV 95.6 MPH)
Batting: RHB Tony Higman 0-0: Ball
1-0: Ball
2-0: Ball
3-0: Base on Balls
Batting: LHB Coop Ross 0-0: Ball
1-0: Swinging Strike
1-1: Fly out, F7 (Flyball, 7LM, EV 98.1 MPH)
Top of the 4th over - 1 run, 1 hit, 0 errors, 1 left on base; Mosman 3 - Leichhardt 1
BOTTOM OF THE 4TH
Leichhardt Lions batting - Pitching for Mosman Cubs : RHP Roley Hutchesson
Batting: SHB Jason Coaker 0-0: Ball
1-0: Ground out 4-3 (Groundball, 4, EV 95.6 MPH)
Batting: LHB Joba Clifton 0-0: DOUBLE (Line Drive, 78M, EV 104.4 MPH)
Batting: RHB Kel Hackworth 0-0: Called Strike
0-1: Called Strike
0-2: Strikes out swinging
Batting: RHB Abe Tofield 0-0: Swinging Strike
0-1: Swinging Strike
0-2: Foul Ball, location: 2F
0-2: Foul Ball, location: 2F
0-2: Ball
1-2: Ground out 6-3 (Groundball, 6, EV 79.4 MPH)
Bottom of the 4th over - 0 runs, 1 hit, 0 errors, 1 left on base; Mosman 3 - Leichhardt 1
TOP OF THE 5TH
Mosman Cubs batting - Pitching for Leichhardt Lions : RHP Frank Kalti
Batting: RHB Brennen Geyer 0-0: Foul Ball, location: 5F
0-1: Swinging Strike
0-2: Foul Ball, location: 7LSF
0-2: Strikes out swinging
Batting: RHB Zachery Gilleland 0-0: Swinging Strike
0-1: Foul Ball, location: 25FF
0-2: Ball
1-2: Ball
2-2: Fly out, F5 (Popup, 5S, EV 81.9 MPH)
Batting: RHB Steve Walmsley 0-0: Called Strike
0-1: Foul Ball, location: 9LSF
0-2: SINGLE (Line Drive, 34D, EV 98.1 MPH)
Batting: LHB Shayne Akehurst 0-0: Called Strike
0-1: 2-RUN HOME RUN (Flyball, 89XD, EV 108.1 MPH), Distance : 436 ft
Pitching: RHP Sandor Horwood
Batting: LHB River Holdsworth 0-0: Foul Ball, location: 5F
0-1: Called Strike
0-2: Strikes out swinging
Top of the 5th over - 2 runs, 2 hits, 0 errors, 0 left on base; Mosman 5 - Leichhardt 1
BOTTOM OF THE 5TH
Leichhardt Lions batting - Pitching for Mosman Cubs : RHP Roley Hutchesson
Batting: LHB Danny Martin 0-0: Called Strike
0-1: Ball
1-1: Ball
2-1: Called Strike
2-2: Foul Ball, location: 3F
2-2: Ground out 5-3 (Groundball, 56S, EV 81.9 MPH)
Batting: RHB David Halse 0-0: Ball
1-0: Called Strike
1-1: Ball
2-1: Foul Ball, location: 9LSF
2-2: Foul Ball, location: 9LDF
2-2: SINGLE (Line Drive, 4D, EV 103.1 MPH)
Batting: LHB Frank Sheard 0-0: Fly out, F7 (Flyball, 78S, EV 81.3 MPH)
Batting: LHB Davin Gilder 0-0: Foul Ball, location: 5SF
0-1: Fly out, F5 (Popup, 5SF, EV 69.4 MPH)
Bottom of the 5th over - 0 runs, 1 hit, 0 errors, 1 left on base; Mosman 5 - Leichhardt 1
TOP OF THE 6TH
Mosman Cubs batting - Pitching for Leichhardt Lions : RHP Sandor Horwood
Batting: LHB Zayne Caples 0-0: Ball
1-0: Ball
2-0: Ball
3-0: Called Strike
3-1: Ground out 6-3 (Groundball, 6, EV 108.8 MPH)
Batting: RHB Sam Beamish 0-0: Called Strike
0-1: Called Strike
0-2: Ball
1-2: Strikes out looking
Batting: RHB Tony Higman 0-0: SINGLE (Line Drive, 4D, EV 99.4 MPH)
Batting: LHB Coop Ross 0-0: Foul Ball, location: 7LSF
0-1: Foul Ball, location: 2F
0-2: Strikes out looking
Top of the 6th over - 0 runs, 1 hit, 0 errors, 1 left on base; Mosman 5 - Leichhardt 1
BOTTOM OF THE 6TH
Leichhardt Lions batting - Pitching for Mosman Cubs : RHP Roley Hutchesson
Batting: LHB Keegan Goldthorpe 0-0: Ball
1-0: Foul Ball, location: 23F
1-1: Ball
2-1: SINGLE (Line Drive, 9LS, EV 86.9 MPH)
Batting: SHB Jason Coaker 0-0: Ball
1-0: Swinging Strike
1-1: Ball
2-1: 2-RUN HOME RUN (Flyball, 89XD, EV 101.3 MPH), Distance : 410 ft
Batting: LHB Joba Clifton 0-0: Fly out, F6 (Popup, 6MS, EV 72.5 MPH)
Batting: RHB Kel Hackworth 0-0: Ground out 4-3 (Groundball, 4MD, EV 108.8 MPH)
Batting: RHB Abe Tofield 0-0: Ball
1-0: Swinging Strike
1-1: Ball
2-1: Ball
3-1: Swinging Strike
3-2: Foul Ball, location: 5FF
3-2: Foul Ball, location: 2F
3-2: Strikes out swinging
Bottom of the 6th over - 2 runs, 2 hits, 0 errors, 0 left on base; Mosman 5 - Leichhardt 3
TOP OF THE 7TH
Mosman Cubs batting - Pitching for Leichhardt Lions : RHP Sandor Horwood
Pinch Hitting: LHB Michael Fitzgerald 0-0: Ball
1-0: Foul Ball, location: 7LMFF
1-1: Ball
2-1: Called Strike
2-2: Ball
3-2: Base on Balls
Batting: RHB Zachery Gilleland 0-0: Ball
1-0: Sac Bunt to 13 - play at second, runner OUT! 1-6
Batting: RHB Steve Walmsley 0-0: Ball
Zachery Gilleland is caught stealing 2nd base 2-4
1-0: Swinging Strike
1-1: Called Strike
1-2: Ball
2-2: Ball
3-2: SINGLE (Line Drive, 78S, EV 85.0 MPH)
Batting: LHB Shayne Akehurst 0-0: Called Strike
0-1: Ball
1-1: Ground out 4-3 (Groundball, 34, EV 106.3 MPH)
Top of the 7th over - 0 runs, 1 hit, 0 errors, 1 left on base; Mosman 5 - Leichhardt 3
BOTTOM OF THE 7TH
Leichhardt Lions batting - Pitching for Mosman Cubs : RHP Roley Hutchesson
Now at 2B: Luke Barrowcliff
Now at 3B: Alex Zglinicki
Now at SS: Steve Walmsley
Batting: LHB Danny Martin 0-0: Called Strike
0-1: SINGLE (Line Drive, 4D, EV 100.6 MPH)
Batting: RHB David Halse 0-0: Grounds into double play, 4-6-3 (Groundball, 4, EV 93.8 MPH)
Batting: LHB Frank Sheard 0-0: Ball
1-0: Ball
2-0: Ball
3-0: Foul Ball, location: 7LMF
3-1: Fly out, F4 (Popup, 4, EV 68.1 MPH)
Bottom of the 7th over - 0 runs, 1 hit, 0 errors, 0 left on base; Mosman 5 - Leichhardt 3
TOP OF THE 8TH
Mosman Cubs batting - Pitching for Leichhardt Lions : RHP Sandor Horwood
Batting: LHB River Holdsworth 0-0: Ball
1-0: Called Strike
1-1: Swinging Strike
1-2: Ball
2-2: Ball
3-2: Foul Ball, location: 2F
3-2: DOUBLE (Line Drive, 9LS, EV 108.1 MPH)
Batting: LHB Zayne Caples 0-0: Intentional Walk
Batting: RHB Sam Beamish 0-0: Called Strike
0-1: Ball
1-1: Ball
2-1: Foul Ball, location: 2F
2-2: Foul Ball, location: 23FF
2-2: Ball
3-2: DOUBLE (Flyball, 8LXD, EV 107.5 MPH)
River Holdsworth scores
Zayne Caples to third
Pitching: RHP Paul Odling
Batting: RHB Luke Barrowcliff 0-0: Ball
Wild Pitch!
Zayne Caples scores
Sam Beamish to third
1-0: Ball
2-0: Called Strike
2-1: Ball
3-1: Called Strike
3-2: Foul Ball, location: 2F
3-2: SINGLE (Groundball, P, EV 78.8 MPH) (infield hit)
Sam Beamish scores
Batting: LHB Coop Ross 0-0: Ball
1-0: Ball
2-0: Ball
3-0: Called Strike
3-1: Base on Balls
Luke Barrowcliff to second
Batting: RHB Alex Zglinicki 0-0: Foul Ball, location: 5F
0-1: SINGLE (Groundball, 34D, EV 105.0 MPH)
Luke Barrowcliff to third
Coop Ross to second
Batting: RHB Zachery Gilleland 0-0: Ball
1-0: Swinging Strike
1-1: Ball
2-1: Grounds into fielders choice 4-2 (Groundball, 4, EV 98.1 MPH)
Coop Ross to third
Alex Zglinicki to second
Batting: RHB Steve Walmsley 0-0: Ball
1-0: SINGLE (Line Drive, 8RS, EV 88.8 MPH)
Coop Ross scores
Alex Zglinicki to third
Zachery Gilleland to second
Runner from 3rd tries for Home, SAFE, throw by CF to home
Batting: LHB Shayne Akehurst 0-0: Ball
1-0: Foul Ball, location: 2F
1-1: SINGLE (Line Drive, 7S, EV 93.1 MPH)
Zachery Gilleland to third
Steve Walmsley to second
Batting: LHB River Holdsworth 0-0: Ball
1-0: Ball
2-0: Called Strike
2-1: Fly out, F7 (Line Drive, 78S, EV 91.3 MPH)
Batting: LHB Zayne Caples 0-0: Ball
1-0: Ball
2-0: Ball
3-0: Called Strike
3-1: Swinging Strike
3-2: Foul Ball, location: 2F
3-2: Strikes out swinging
Top of the 8th over - 5 runs, 6 hits, 0 errors, 3 left on base; Mosman 10 - Leichhardt 3
BOTTOM OF THE 8TH
Leichhardt Lions batting - Pitching for Mosman Cubs : RHP Roley Hutchesson
Pitching: RHP Shelby Hampstead
Batting: LHB Davin Gilder 0-0: Ball
1-0: Called Strike
1-1: Called Strike
1-2: Strikes out looking
Batting: LHB Keegan Goldthorpe 0-0: Swinging Strike
0-1: Ball
1-1: Ball
2-1: Foul Ball, location: 5F
2-2: Ball
3-2: Ground out U3 (Groundball, 3, EV 86.3 MPH)
Batting: SHB Jason Coaker 0-0: Ball
1-0: Called Strike
1-1: Ball
2-1: Foul Ball, location: 7LDF
2-2: Ball
3-2: Foul Ball, location: 2F
3-2: Strikes out swinging
Bottom of the 8th over - 0 runs, 0 hits, 0 errors, 0 left on base; Mosman 10 - Leichhardt 3
TOP OF THE 9TH
Mosman Cubs batting - Pitching for Leichhardt Lions : RHP Paul Odling
Batting: RHB Sam Beamish 0-0: Ball
1-0: Foul Ball, location: 23F
1-1: Foul Ball, location: 7LSF
1-2: SINGLE (Line Drive, 6MD, EV 96.3 MPH)
Batting: RHB Luke Barrowcliff 0-0: Called Strike
0-1: Ball
1-1: Ball
2-1: Ball
3-1: DOUBLE (Flyball, 8RXD, EV 96.9 MPH)
Sam Beamish to third
Pitching: LHP Dayle Beattie
Pinch Hitting: RHB Al Reid 0-0: Ball
1-0: Ball
2-0: Called Strike
2-1: Swinging Strike
2-2: Foul Ball, location: 2F
2-2: Foul Ball, location: 9LMF
2-2: Fly out, F8 (Flyball, 8LD, EV 90.0 MPH)
Throwing error, E8
Sam Beamish scores
Luke Barrowcliff to third
Batting: RHB Alex Zglinicki 0-0: Ball
1-0: Ball
2-0: Ball
3-0: Called Strike
3-1: Called Strike
3-2: Base on Balls
Batting: RHB Zachery Gilleland 0-0: Ball
1-0: Ball
2-0: Grounds into double play, 6-4-3 (Groundball, 6, EV 100.0 MPH)
Top of the 9th over - 1 run, 2 hits, 1 error, 1 left on base; Mosman 11 - Leichhardt 3
BOTTOM OF THE 9TH
Leichhardt Lions batting - Pitching for Mosman Cubs : RHP Shelby Hampstead
Now at C: Sandor Vanner
Batting: LHB Joba Clifton 0-0: Ball
1-0: Ball
2-0: Foul Ball, location: 2F
2-1: Foul Ball, location: 7LMFF
2-2: Fly out, F9 (Flyball, 89S, EV 89.4 MPH)
Batting: RHB Kel Hackworth 0-0: Foul Ball, location: 2F
0-1: Ground out 4-3 (Groundball, 6MD, EV 99.4 MPH)
Pinch Hitting: LHB Steve Epton 0-0: Ball
1-0: Ball
2-0: Called Strike
2-1: Swinging Strike
2-2: Strikes out swinging
Bottom of the 9th over - 0 runs, 0 hits, 0 errors, 0 left on base; Mosman 11 - Leichhardt 3
Sunday, May 5th , 2024 - OOTP Baseball 24.9 Build 80